 Dungeon Crawl Stone Soup version 0.21.1-1-g345015f (webtiles) character file.

529 batai666 the Digger (level 7, -6/36 HPs)
             Began as a Gargoyle Earth Elementalist on Feb 23, 2018.
             Killed from afar by grindst0ne's ghost (11 damage)
             ... with a stone arrow
             ... on level 3 of the Dungeon.
             The game lasted 00:19:49 (3673 turns).

batai666 the Digger (Gargoyle Earth Elementalist)   Turns: 3673, Time: 00:19:49

Health: -6/36      AC:  7    Str: 12    XL:     7   Next: 23%
Magic:  2/13       EV: 12    Int: 17    God:
Gold:   120        SH:  0    Dex: 10    Spells: 5/14 levels left

rFire    . . .     SeeInvis .   l - +0 mace
rCold    . . .     Gourm    .   (no shield)
rNeg     + . .     Faith    .   c - +0 robe
rPois    ∞         Spirit   .   (no helmet)
rElec    +         Reflect  .   (no cloak)
rCorr    .         Harm     .   m - +0 pair of gloves
MR       .....                  (no boots)
Stlth    ++........             (no amulet)
HPRegen  0.12/turn              (no ring)
MPRegen  0.13/turn              (no ring)

@: no status effects
A: negative energy resistance 1, electricity resistance, unbreathing,
petrification resistance, rot immunity, AC +4
a: no special abilities


You were on level 3 of the Dungeon.
You were not hungry.

You visited 1 branch of the dungeon, and saw 3 of its levels.

You collected 120 gold pieces.

Inventory:

Hand Weapons
 k - a +0 spear
 l - a +0 mace (weapon)
Missiles
 b - 79 stones (quivered)
Armour
 c - a +0 robe (worn)
 m - a +0 pair of gloves (worn)
Jewellery
 j - an uncursed amulet of regeneration {unknown}
Scrolls
 p - a scroll of enchant armour
 r - a scroll of remove curse
Potions
 a - a potion of curing {unknown}
 f - a potion of invisibility {unknown}
 g - a potion of brilliance {unknown}
 i - a potion of magic {unknown}
 n - a potion of lignification {unknown}
Books
 e - a book of Geomancy

   Spells                             Type                      Level
   a - Sandblast                      Earth                        1
   b - Passwall                       Transmutation/Earth          2
   c - Stone Arrow                    Conjuration/Earth            3
   d - Petrify                        Transmutation/Earth          4
   e - Lee's Rapid Deconstruction     Earth                        5
Comestibles
 d - 6 rations
 h - 3 chunks of flesh


   Skills:
 + Level 0.0 Fighting
 + Level 0.1 Maces & Flails
 + Level 0.0 Armour
 + Level 1.5 Dodging
 - Level 2.1 Stealth
 + Level 4.4 Spellcasting
 + Level 4.0 Conjurations
   Level 0.7 Transmutations
 + Level 6.4 Earth Magic


You had 5 spell levels left.
You knew the following spells:

 Your Spells              Type           Power        Failure   Level  Hunger
a - Sandblast             Erth           ####..       1%          1    None
b - Stone Arrow           Conj/Erth      ###...       5%          3    ###....
c - Lee's Rapid Deconstr  Erth           ####......   28%         5    ######.


Dungeon Overview and Level Annotations

Branches:
Dungeon (3/15)

Altars:

Annotations:
D:2 Sigmund
D:3 grindst0ne's ghost, novice OpEE


Innate Abilities, Weirdness & Mutations

You are resistant to torment.
Your stone body is resilient. (AC +4)
You are immune to poison.
You resist negative energy. (rN+)
You are resistant to electric shocks. (rElec)
You can survive without breathing.
You are immune to petrification.
You are immune to rotting.


Message History

Aim: grindst0ne's ghost, wielding a weapon of protection (moderately damaged)
The blast of sand hits grindst0ne's ghost.
Grindst0ne's ghost is moderately damaged.
b - 79 stones Grindst0ne's ghost casts a spell at you.
The blast of sand hits you!
Casting: Sandblast
Confirm with . or Enter, or press ? or * to list all spells.
You don't have enough magic to cast that spell.
Casting: Sandblast
Confirm with . or Enter, or press ? or * to list all spells.
You don't have enough magic to cast that spell.
Okay, then.
Okay, then.
Grindst0ne's ghost stares at you and mumbles some strange words.
The stone arrow hits you!
* * * LOW HITPOINT WARNING * * *
Grindst0ne's ghost casts a spell at you.
The stone arrow hits you!
You die...

# #.#..#
##.#...#####
#.#..# #.....#
#.#..# ##....#
#.#..# #....#
#.#... .........
#.#.#####
###..######
#.#..... ....
#.#..#########..##
#..W..@........>#
#..##############
#......# ##.###.#
#.....# #######


You could see grindst0ne's ghost.

Vanquished Creatures
  Grinder (D:3)
  A necrophage (D:2)
  An orc wizard (D:3)
  8 gnolls
  6 adders
  A worm (D:3)
  4 dart slugs
  3 leopard geckos
  4 orcs (D:3)
  2 ball pythons (D:1)
  5 bats
  2 giant cockroaches
  6 goblins
  4 hobgoblins
  7 kobolds
  4 quokkas
  2 frilled lizards
  12 rats
73 creatures vanquished.

Notes
Turn   | Place    | Note
-------+----------+-------------------------------------------
     0 | D:1      | batai666 the Gargoyle Earth Elementalist began the quest for the Orb.
     0 | D:1      | Reached XP level 1. HP: 10/10 MP: 3/3
   583 | D:1      | Reached XP level 2. HP: 15/15 MP: 1/5
   584 | D:1      | Reached skill level 4 in Earth Magic
   867 | D:1      | Reached XP level 3. HP: 14/19 MP: 6/6
   872 | D:1      | Learned a level 3 spell: Stone Arrow
  1554 | D:2      | Noticed a necrophage
  1566 | D:2      | Killed a necrophage
  1566 | D:2      | Reached skill level 5 in Earth Magic
  1566 | D:2      | Reached XP level 4. HP: 18/24 MP: 3/9
  1566 | D:2      | Reached XP level 5. HP: 21/28 MP: 3/10
  1573 | D:2      | Learned a level 5 spell: Lee's Rapid Deconstruction
  1635 | D:2      | Noticed Sigmund
  2448 | D:3      | Reached XP level 6. HP: 26/32 MP: 3/11
  2494 | D:3      | Noticed Grinder
  2501 | D:3      | Killed Grinder
  2501 | D:3      | Reached skill level 6 in Earth Magic
  2501 | D:3      | Reached XP level 7. HP: 30/36 MP: 0/13
  2723 | D:3      | Noticed grindst0ne's ghost (novice OpEE)
  3673 | D:3      | Killed from afar by grindst0ne's ghost

Skill      XL: |  1  2  3  4  5  6  7 |
---------------+----------------------+-----
Earth Magic    | 4 5 6 |  6.4
Spellcasting   | 3 4 |  4.4
Conjurations   | 2 3 4 |  4.0
Maces & Flails | |  0.1
Dodging        | |  1.5
Stealth        | |  2.1
Transmutations | |  0.7

Action                   |  1- 3 |  4- 6 |  7- 9 || total
-------------------------+-------+-------+-------++-------
Melee: Short sword       |    18 |       |       ||    18
       Unarmed           |     7 |       |       ||     7
       Spear             |    17 |       |       ||    17
       Mace              |    24 |    88 |    27 ||   139
 Cast: Sandblast         |    27 |    22 |    22 ||    71
       Lee's Rapid Decon |       |     1 |     1 ||     2
       Stone Arrow       |       |     2 |     4 ||     6
  Use: Scroll            |     1 |     3 |     3 ||     7
 Stab: Sleeping          |     1 |       |     1 ||     2
  Eat: Chunk             |     2 |     4 |     1 ||     7
       Ration            |       |       |     1 ||     1
Armor: Robe              |    37 |    49 |    15 ||   101
Dodge: Dodged            |    72 |    68 |    29 ||   169
